 Dungeon Crawl Stone Soup version bcrawl-1.27.6 (webtiles) character file.

Game seed: 775181696944467856

264203 DogServant the Destroyer (level 9, 2/79 HPs)
             Began as a Red Draconian Conjurer on Oct 7, 2020.
             Was an Initiate of Vehumet.
             Quit the game on level 7 of the Dungeon.
             The game lasted 00:09:40 (6320 turns).

DogServant the Destroyer (Red Draconian Conjurer)   Turns: 6320, Time: 00:09:40

Health: 2/79       AC:  7    Str: 15    XL:     9   Next: 19%
Magic:  9/19       EV: 12    Int: 18    God:    Vehumet [......]
Gold:   473        SH:  0    Dex: 12    Spells: 16/22 levels left

rFire    + . .     SeeInvis .   c - +0 dagger (elec)
rCold    . . .     Gourm    .   (no shield)
rNeg     . . .     Faith    .   (armour unavailable)
rPois    .         Spirit   .   (helmet restricted)
rElec    .         Reflect  .   (no cloak)
rCorr    +         Harm     .   (no gloves)
MR       .....                  (no boots)
Stlth    ++........             m - amulet of rage
HPRegen  0.23/turn              f - +4 ring of strength
MPRegen  0.16/turn              g - ring of resist corrosion

@: short of breath, starving, lightly drained
A: breathe fire, unfitting armour, fire resistance 1, cold-blooded, AC +7
a: Breathe Fire, Renounce Religion, Evoke Berserk Rage


You were on level 7 of the Dungeon.
You worshipped Vehumet.
Vehumet was noncommittal.
You were starving.

You visited 2 branches of the dungeon, and saw 8 of its levels.

You collected 473 gold pieces.

Inventory:

Hand Weapons
 c - a +0 dagger of electrocution (weapon)
 r - a +3 whip
Jewellery
 f - a +4 ring of strength (left hand)
 g - a ring of resist corrosion (right hand)
 m - an amulet of rage (around neck)
 q - an uncursed ring of flight
Scrolls
 d - 3 scrolls of remove curse
 j - 2 scrolls of enchant armour
 n - 2 scrolls of identify
Potions
 a - a potion of resistance
 b - a potion of magic
 i - a potion of degeneration
 k - a potion of cancellation {unknown}
 l - 2 potions of brilliance {unknown}
Comestibles
 e - 14 rations {!d}


   Skills:
 + Level 7.1(6.7) Fighting
 - Level 1.7(1.4) Dodging
 - Level 2.0(1.6) Stealth
 + Level 7.0(6.6) Spellcasting
 + Level 8.4(8.0) Conjurations


You had 16 spell levels left.
You knew the following spells:

 Your Spells              Type           Power        Failure   Level  Hunger
a - Magic Dart            Conj           ####         1%          1    None
b - Searing Ray           Conj           ####....     1%          2    None
c - Iskenderun's Mystic   Conj           ####....     1%          3    #......

Your spell library contained the following spells:

 Spells                   Type           Power        Failure   Level  Hunger
 Fulminant Prism          Conj/Hex       ###.......   22%         4    ####...
 Irradiate                Conj/Tmut      ###.......   52%         5    #####..


Dungeon Overview and Level Annotations

Branches:
Dungeon (7/12)             Temple (1/1) D:6
   Lair: D:7-9

Altars:
Cheibriados
Elyvilon
Fedhas
Gozag
Hepliaklqana
Kikubaaqudgha
Lugonu
Makhleb
Nemelex Xobeh
Okawaru
Qazlal
Ru
Sif Muna
Trog
Uskayaw
Vehumet
Xom
Yredelemnul
The Shining One

Shops:
D:7 }


Innate Abilities, Weirdness & Mutations

You can breathe blasts of fire.
Your fiery red scales are hard. (AC +7)
You cannot fit into any form of body armour.
Your flesh is heat resistant. (rF+)
You are cold-blooded and may be slowed by cold attacks.


Message History

The orc warrior hits you with a +0 glaive!
* * * LOW HITPOINT WARNING * * *
You closely miss the orc warrior.
Your tail-slap misses the orc warrior.
The orc warrior is almost dead.
You feel less confused. Something hits you but does no damage.
Press: ? - help, Shift-Dir - straight line You breathe a blast of fire.
The fiery breath hits the orc warrior.
The orc warrior is almost dead.
The fiery breath hits something!
You are starving!
You hear a bark!
The orc warrior hits you but does no damage.
Something hits you.
* * * LOW HITPOINT WARNING * * *
You hear a shout!
You don't have the energy to cast spells.
Okay, then.
Okay, then.
Are you sure you want to abandon this character and quit the game? (Confirm with "yes".)

#.....#
#.....#
.....#
....#
..☼#
o{# #o#
#@# #{#
#W# #o#
..#
.#.#
..#.#
.. #.#
§.# #.#


You could see a hungry ghost, an orc warrior and 2 orcs.

Vanquished Creatures
  Grinder (D:6)
  A phantom (D:6)
  A sky beast (D:4)
  A black bear (D:5)
  3 ogres
  A centaur (D:5)
  A bullfrog (D:6)
  A big kobold (D:6)
  A gnoll sergeant (D:6)
  2 scorpions
  A killer bee (D:6)
  3 wights (D:7)
  A howler monkey (D:5)
  5 electric eels (D:6)
  3 crimson imps
  A bullfrog zombie (D:5)
  A hound (D:5)
  A jelly (D:4)
  An orc priest (D:3)
  2 bullfrog skeletons
  A gnoll shaman (D:6)
  An orc wizard (D:4)
  A centaur skeleton (D:6)
  2 iguanas
  8 worker ants
  A hound skeleton (D:4)
  A worker ant zombie (D:5)
  5 adders
  7 gnolls (D:6)
  A shadow imp (D:4)
  An ooze (D:3)
  An adder zombie (D:5)
  An adder skeleton (D:6)
  8 leopard geckos
  9 orcs
  A ball python (D:4)
  A bat (D:2)
  2 giant cockroaches (D:3)
  3 goblins
  6 hobgoblins
  A jackal (D:4)
  4 quokkas
  2 frilled lizards (D:3)
  A jackal skeleton (D:5)
  7 kobolds
  2 rats
110 creatures vanquished.

Vanquished Creatures (others)
  An adder (D:6)
1 creature vanquished.

Grand Total: 111 creatures vanquished

Notes
Turn   | Place    | Note
-------+----------+-------------------------------------------
     0 | D:1      | DogServant the Draconian Conjurer began the quest for the
                  | Orb.
     0 | D:1      | Reached XP level 1. HP: 14/14 MP: 3/3
   503 | D:1      | Reached XP level 2. HP: 20/20 MP: 3/5
  1334 | D:2      | Noticed a crimson imp
  1349 | D:2      | Killed a crimson imp
  1349 | D:2      | Reached XP level 3. HP: 13/26 MP: 0/7
  1485 | D:3      | Reached XP level 4. HP: 22/33 MP: 1/8
  1596 | D:3      | Reached skill level 5 in Conjurations
  1750 | D:3      | Learned a level 2 spell: Searing Ray
  1754 | D:3      | Learned a level 3 spell: Iskenderun's Mystic Blast
  1759 | D:3      | Noticed an ogre
  1827 | D:3      | Reached skill level 1 in Fighting
  1925 | D:3      | Reached XP level 5. HP: 35/40 MP: 4/10
  2121 | D:3      | Killed an ogre
  2481 | D:4      | Reached XP level 6. HP: 49/49 MP: 7/12
  2894 | D:4      | Reached skill level 6 in Conjurations
  3011 | D:4      | Your scales start taking on a fiery red colour.
  3011 | D:4      | Reached XP level 7. HP: 57/57 MP: 3/13
  3011 | D:4      | Gained mutation: Your flesh is heat resistant. (rF+) [Red
                  | Draconian growth]
  3450 | D:5      | Entered Level 5 of the Dungeon
  3500 | D:5      | Reached skill level 5 in Spellcasting
  3721 | D:5      | Reached XP level 8. HP: 42/67 MP: 8/16
  3848 | D:5      | Found an opulent altar of Gozag.
  3995 | D:5      | Reached skill level 5 in Fighting
  3995 | D:5      | Reached skill level 7 in Conjurations
  4443 | D:5      | Found a glowing golden altar of the Shining One.
  4444 | D:5      | Found a blossoming altar of Fedhas.
  4621 | D:6      | Noticed Grinder
  4631 | D:6      | Killed Grinder
  4731 | D:6      | HP: 3/70 [gnoll/+0 whip (5)]
  5016 | D:6      | Found a blossoming altar of Fedhas.
  5269 | D:6      | Found a basalt altar of Yredelemnul.
  5346 | D:6      | Reached skill level 8 in Conjurations
  5418 | D:6      | Found a staircase to the Ecumenical Temple.
  5432 | Temple   | Entered the Ecumenical Temple
  5563 | Temple   | Became a worshipper of Vehumet
  5661 | D:6      | Reached XP level 9. HP: 66/78 MP: 4/19
  6282 | D:7      | Found Xoiwk's Gadget Boutique.
  6286 | D:7      | Noticed a red ugly thing
  6319 | D:7      | HP: 2/79 [something (6)]
  6320 | D:7      | Quit the game

Skill      XL: |  1  2  3  4  5  6  7  8  9 |
---------------+----------------------------+-----
Spellcasting   | 3 4 5 6 7 |  7.0
Conjurations   | 5 6 8 |  8.4
Fighting       | 1 2 3 4 6 7 |  7.1
Dodging        | |  1.7
Stealth        | |  2.0

Action                   |  1- 3 |  4- 6 |  7- 9 || total
-------------------------+-------+-------+-------++-------
Melee: Dagger            |    56 |     7 |     9 ||    72
       Tailslap          |     1 |     2 |     3 ||     6
       Spear             |       |    29 |    10 ||    39
 Cast: Magic Dart        |    21 |    27 |    25 ||    73
       Searing Ray       |       |    12 |    47 ||    59
 Abil: Breathe Fire      |       |       |     4 ||     4
  Use: Scroll            |       |     1 |     6 ||     7
       Potion            |       |       |     3 ||     3
  Eat: Chunk             |     3 |     8 |     9 ||    20
       Ration            |       |       |     1 ||     1
Armor: Skin              |    18 |    11 |    39 ||    68
Dodge: Dodged            |    34 |    42 |    99 ||   175
